Construct Section Command Post
Selects Indian Artillery Battlegroup
Construct Field Infirmary
Construct Platoon Command Post
Selects Gurkha Rifles Section
Unlock Bishop Self-propelled Artillery
6-pounder Anti-tank Gun Team
Selects Artillery Saturation
Bishop Self-propelled Artillery
6-pounder Anti-tank Gun Team
Selects Off-map Airburst Barrage
Construct Company Command Post
Selects BL5.5 Artillery Emplacement